AoeStats
← flynorc

Four Lakes

508014038Analyzed
1v1 RM · 11d ago on Sep 20, 2026· 29m 29s· 2 players
Game mode
Random Map
Map size
Tiny (2 player)
Population
200
Speed
Normal
Resources
Standard
Victory
Conquest
Starting age
Dark Age
Ending age
Imperial Age
RankedLock teamsTeams togetherTeam positionsShared explorationLock speedFull tech treeHidden civsTurbo modeCheats
Victory
Defeat
🇬🇧 Burgundians · United Kingdom
1597
+14
🇦🇹 Tatars · Austria
1554
-14
flynorc
3:20 Loom
12:07 Feudal Age
13:43 Double-Bit Axe
19:51 Castle Age
20:09 Fletching
22:52 Fishing Lines
23:54 Gold Mining
27:36 Bodkin Arrow
29:13 Wheelbarrow
hclay93
3:59 Double-Bit Axe
5:12 Loom
9:35 Feudal Age
16:47 Horse Collar
17:31 Town Watch
21:54 Castle Age
20:05 Stone Mining
21:33 Scale Barding Armor
21:38 Forging
22:15 Cavalier
23:20 Heavy Plow
23:56 Wheelbarrow
24:18 Gold Mining
24:44 Husbandry
28:25 Chain Barding Armor
Connection lost

Rejoining the realm…

Still unreachable

The connection could not be restored.

Session expired

The server has moved on; the page needs a fresh start.